 Dungeon Crawl Stone Soup version 0.27-a0-906-g0a00ce8 (webtiles) character file.

Game seed: 6760245894208581581

280 Nithhogg the Skirmisher (level 6, 0/48 HPs)
             Began as a Demonspawn Fighter on Apr 7, 2021.
             Slain by an ogre
             ... wielding a +0 giant spiked club
              (26 damage)
             ... on level 3 of the Dungeon.
             The game lasted 00:03:53 (4261 turns).

Nithhogg the Skirmisher (Demonspawn Fighter)        Turns: 4261, Time: 00:03:53

Health: 0/48       AC: 12    Str: 24    XL:     6   Next: 5%
Magic:  8/8        EV:  6    Int: 10    God:
Gold:   116        SH:  9    Dex: 12    Spells: 5/5 levels left

rFire    . . .     SeeInvis +   a - +0 long sword
rCold    + . .     Faith    .   c - +0 kite shield
rNeg     . . .     Spirit   .   p - +3 chain mail {rC+}
rPois    .         Reflect  .   (helmet restricted)
rElec    .         Harm     .   (no cloak)
rCorr    .         Rampage  .   (no gloves)
Will     .....                  (no boots)
Stlth    ..........             (no amulet)
HPRegen  0.16/turn              f - ring of see invisible
MPRegen  0.11/turn              j - +6 ring of strength

@: no status effects
A: antennae 1, foul stench 1
a: no special abilities


You were on level 3 of the Dungeon.
You visited 1 branch of the dungeon, and saw 4 of its levels.

You collected 116 gold pieces.

Inventory:

Hand Weapons
 a - a +0 long sword (weapon)
Armour
 c - a +0 kite shield (worn)
 p - a +3 chain mail of cold resistance (worn)
Jewellery
 f - a ring of see invisible (left hand)
 j - a +6 ring of strength (right hand)
 l - a ring of protection from cold
Wands
 o - a wand of polymorph (2)
Scrolls
 b - a scroll of identify
 g - a scroll of immolation
 k - a scroll of enchant weapon
 n - 2 scrolls of enchant armour {unknown}
 q - a scroll of vulnerability {unknown}
Potions
 d - a potion of might
 e - a potion of attraction {unknown}
 h - 2 potions of curing {unknown}
 i - a potion of flight {unknown}
 m - 3 potions of ambrosia {unknown}


   Skills:
 + Level 3.8 Fighting
 + Level 2.8 Long Blades
 + Level 3.6 Armour
 + Level 1.8 Dodging
 + Level 3.5 Shields
 + Level 2.7 Invocations


You had 5 spell levels left.
You didn't know any spells.
Your spell library was empty.

Dungeon Overview and Level Annotations

Branches:
Dungeon (4/15)
 Temple: D:4-7

Altars:
Yredelemnul


Innate Abilities, Weirdness & Mutations

You have a pair of small antennae on your head.
You may rarely emit foul miasma when damaged in melee.


Message History

Done exploring.
(D) Dungeon
Where to? (Enter - D:3 @ (x,y), ? - help)
You open the door.
There is an open door here.
There is a stone staircase leading down here.
You climb downwards.
An ogre comes into view. It is wielding a +0 giant spiked club.
The ogre shouts!
Found 12 gold pieces.
There is a stone staircase leading up here.
An ogre is nearby!
A goblin comes into view. It is wielding a +0 dagger.
Found 9 gold pieces.
The goblin shouts!
The goblin unwields a +0 dagger.
The goblin wields a +0 hunting sling.
The goblin shoots a stone.
You block the stone.
The goblin shoots a stone.
You block the stone.
There is a stone staircase leading up here.
The ogre barely misses you.
You climb upwards.
There is a stone staircase leading down here.
You barely miss the ogre.
The ogre hits you with a +0 giant spiked club.
You barely miss the ogre. You block the ogre's attack.
You hit the ogre.
The ogre is lightly wounded.
The ogre closely misses you.
You riposte.
You hit the ogre.
The ogre is lightly wounded.
You slash the ogre!
The ogre is moderately wounded.
The ogre hits you but does no damage.
You barely miss the ogre.
The ogre is moderately wounded.
The ogre hits you with a +0 giant spiked club!!
You barely miss the ogre.
The ogre is moderately wounded.
The ogre hits you with a +0 giant spiked club!!
Ouch! That really hurt!
You die...

####.#### #.......#
#.##.##.# #.......#
#..#.#..#####
#.(.[........
######....#..#####
#.O......[...# #
######@#####.....## #
#......# #.....# #
#.###### #.#.#.# # #.#
#.....# # #.# ###.###
# #.# ##'## # #.#
##...## # #.####
##.....## #
###.##.######.......##
#


You could see an ogre.

Vanquished Creatures
  An orc priest (D:2)
  2 orc wizards (D:3)
  Terence (D:3)
  9 adders
  A worm (D:2)
  2 dart slugs (D:1)
  10 orcs (D:3)
  5 ball pythons
  9 bats
  7 endoplasms
  2 giant cockroaches
  5 goblins
  4 hobgoblins (D:1)
  A jackal (D:2)
  4 quokkas
  2 frilled lizards
  7 kobolds
  6 rats
78 creatures vanquished.

Notes
Turn   | Place    | Note
-------+----------+-------------------------------------------
     0 | D:1      | Nithhogg the Demonspawn Fighter began the quest for the
                  | Orb.
     0 | D:1      | Reached XP level 1. HP: 18/18 MP: 1/1
    64 | D:1      | Gained mutation: You have a pair of small antennae on your
                  | head. [demonic ancestry]
    64 | D:1      | Reached XP level 2. HP: 21/24 MP: 2/2
   248 | D:1      | Found a faded altar of an unknown god.
   306 | D:1      | Reached skill level 1 in Invocations
   461 | D:1      | Reached XP level 3. HP: 8/29 MP: 3/3
  1554 | D:2      | Reached skill level 1 in Dodging
  1645 | D:2      | Reached XP level 4. HP: 14/35 MP: 5/5
  2256 | D:2      | Found a basalt altar of Yredelemnul.
  2849 | D:2      | Gained mutation: You may rarely emit foul miasma when
                  | damaged in melee. [demonic ancestry]
  2849 | D:2      | Reached XP level 5. HP: 24/41 MP: 6/6
  3173 | D:3      | Noticed Terence
  3182 | D:3      | Killed Terence
  3688 | D:3      | Reached XP level 6. HP: 32/48 MP: 6/8
  4261 | D:3      | Slain by an ogre

Illustrated notes

Levels and vault maps discovered:
D:1:      nzn_arrival_water_spiral, layout_loops_ring,
          ebering_ecumenical_altar_hall
D:2:      layout_loops_ring, basic_altar, minmay_nonomino_d4
D:3:      layout_loops_corners, uniq_terence
D:4:      layout_loops_corners, kennysheep_little_box,
          gammafunk_temple_overflow_statue, minmay_tree_intersection

Skill      XL: |  1  2  3  4 |
---------------+-------------+-----
Long Blades    | 2 |  2.8
Invocations    | 1 2 |  2.7
Armour         | 3 |  3.6
Shields        | 3 |  3.5
Dodging        | 1 |  1.8
Fighting       | |  3.8

Action                   |  1- 3 |  4- 6 || total
-------------------------+-------+-------++-------
Melee: Long sword        |   140 |   185 ||   325
  Use: Scroll            |     3 |       ||     3
Armor: Scale mail        |    59 |    47 ||   106
       Chain mail        |       |    56 ||    56
Dodge: Dodged            |    55 |    79 ||   134
Block: Kite shield       |    74 |   131 ||   205
       Rpst.: Long sword |    22 |    29 ||    51

Table legend: (Time is in decaauts)
 A = Elapsed time spent in this place.
 B = Non-inter-level travel time spent in this place.
 C = Inter-level travel time spent in this place.
 D = Time resting spent in this place.
 E = Time spent auto-exploring this place.
 F = Levels seen in this place.
 G = Mean time per level.
                   A        B        C        D        E       F      G
               +--------+--------+--------+--------+--------+-----+--------+
         Total |   4429 |   4338 |     91 |    779 |   2803 |   4 | 1107.2 |
       Dungeon |   4429 |   4338 |     91 |    779 |   2803 |   4 | 1107.2 |
               +--------+--------+--------+--------+--------+-----+--------+

Top non-repeatable levels by time:
     D:2: 1966 daAuts
     D:3: 1338 daAuts
     D:1: 1118 daAuts
     D:4: 5 daAuts
